 Dungeon Crawl Stone Soup version 0.31.0-11-ge490571c62 (webtiles) character file.

Game seed: 13447411394194665624

56136 PAMOHbI411 the Thaumaturge (level 14, -7/77 HPs)
             Began as a Felid Summoner on Jan 29, 2024.
             Was a High Priest of Kikubaaqudgha.
             Killed from afar by a kobold blastminer (37 damage)
             ... with an iron shot
             ... on level 2 of the Orcish Mines on Jan 30, 2024.
             The game lasted 01:01:28 (24668 turns).

PAMOHbI411 the Thaumaturge (Felid Summoner)        Turns: 24668, Time: 01:01:28

Health: -7/77      AC:  7    Str:  4    XL:     14   Next: 40%
Magic:  5/30       EV: 27    Int: 23    God:    Kikubaaqudgha [*****.]
Gold:   1390       SH:  0    Dex: 24    Spells: 10/36 levels left
                                        Lives:  0   Deaths: 5

rFire   . . .        (weapon unavailable)
rCold   + . .        (shield unavailable)
rNeg    . . .        (body armour unavailable)
rPois   .            (helmet unavailable)
rElec   .            (cloak unavailable)
rCorr   .            (gloves unavailable)
SInv    +            (boots unavailable)
Will    ++...        (no amulet)
Stlth   +++++        O - +4 ring of protection
HPRegen 0.32/turn    D - +6 ring of dexterity
MPRegen 0.22/turn

%: no passive effects
@: death channelling, animating dead, inugami summoned
A: very small, claws 1, fangs 3, see invisible, shaggy fur 3, stealthy paws, no
weapons or thrown items, no armour, multi-lived
a: Renounce Religion, Unearth Wretches, Torment


You were on level 2 of the Orcish Mines.
You worshipped Kikubaaqudgha.
Kikubaaqudgha was extremely pleased with you.
You visited 4 branches of the dungeon, and saw 20 of its levels.

You collected 1525 gold pieces.
You spent 135 gold pieces at shops.


Innate Abilities, Weirdness & Mutations

You have sharp claws.
You have razor-sharp teeth.
You have supernaturally acute eyesight. (SInv)
Your thick and shaggy fur keeps you warm. (AC +3, rC+)
Your paws help you pounce on unaware monsters.
You are incapable of wielding weapons or throwing items.
You cannot wear armour.
You gain extra lives every three experience levels.


   Skills:
 - Level 10.0 Fighting
 - Level 10.0 Dodging
 - Level 10.0 Stealth
 + Level 11.8 Spellcasting
 - Level 8.0 Hexes
 - Level 11.0 Summonings
 + Level 11.1 Necromancy
 - Level 5.0 Fire Magic
 - Level 5.0 Air Magic


You had 10 spell levels left.
You knew the following spells:

 Your Spells              Type           Power      Damage    Failure   Level
a - Animate Dead          Necr           60%        N/A       1%          4
c - Call Canine Familiar  Summ           59%        N/A       1%          3
d - Death Channel         Necr           30%        N/A       8%          6
l - Summon Lightning Spi  Summ/Air       50%        N/A       1%          4
s - Summon Small Mammal   Summ           100%       N/A       1%          1
X - Summon Blazeheart Go  Fire/Summ      50%        N/A       1%          4
Y - Anguish               Hex/Necr       27%        N/A       1%          4

Your spell library contained the following spells:

 Spells                   Type           Power      Damage    Failure   Level
 Call Imp                 Summ           100%       N/A       1%          2
 Cigotuvi's Dreadful Rot  Necr/Alch/Air  76%        N/A       1%          2
 Ensorcelled Hibernation  Hex/Ice        64%        N/A       1%          2
 Sublimation of Blood     Necr           60%        N/A       1%          2
 Sigil of Binding         Hex            50%        N/A       1%          3
 Swiftness                Air            36%        N/A       1%          3
 Tukima's Dance           Hex            50%        N/A       1%          3
 Vampiric Draining        Necr           60%        2d10      1%          3
 Martyr's Knell           Necr/Summ      59%        N/A       1%          4
 Curse of Agony           Necr           60%        N/A       1%          5
 Sandblast                Erth           26%        2d8       4%          1
 Passwall                 Erth           13%        N/A       14%         3
 Stone Arrow              Conj/Erth      26%        3d8       14%         3
 Yara's Violent Unravell  Hex/Alch       16%        3d8       26%         5
 Brom's Barrelling Bould  Conj/Erth      13%        2d4       43%         4
 Iskenderun's Mystic Bla  Conj/Tloc      13%        2d5       43%         4
 Passage of Golubria      Tloc           13%        N/A       43%         4
 Petrify                  Alch/Erth      13%        N/A       43%         4
 Irradiate                Conj/Alch      6%         3d13      78%         5
 Lehudib's Crystal Spear  Conj/Erth      6%         10d3      100%        8
 Animate Armour           Summ/Erth      Unusable   N/A       N/A         4
 Dimensional Bullseye     Hex/Tloc       Unusable   N/A       N/A         4

Inventory:

Jewellery
 A - the ring "Bolejucw" {Fire Slay+6}
   (You found it on level 9 of the Dungeon)

   [ring of fire]

   Fire:      It enhances your fire magic.
   Slay+6:    It affects your accuracy & damage with ranged weapons and melee
   (+6).
   rF+:       It protects you from fire.
   rC-:       It makes you vulnerable to cold.
 D - a +6 ring of dexterity (right paw)
   (You found it on level 5 of the Dungeon)
 F - a ring of fire
   (You found it on level 4 of the Lair of Beasts)
 O - a +4 ring of protection (left paw)
   (You found it on level 11 of the Dungeon)
 P - a ring of poison resistance
   (You found it on level 2 of the Lair of Beasts)
 Z - a ring of wizardry
   (You found it on level 4 of the Dungeon)
Wands
 c - a wand of flame (25)
   (You took it off Sonja on level 11 of the Dungeon)
 h - a wand of iceblast (9)
   (You found it on level 11 of the Dungeon)
 r - a wand of digging (4)
   (You found it on level 4 of the Dungeon)
 s - a wand of polymorph (5)
   (You found it on level 3 of the Lair of Beasts)
 u - a wand of mindburst (2)
   (You found it on level 5 of the Dungeon)
 z - a wand of charming (10)
   (You found it on level 9 of the Dungeon)
Scrolls
 b - 3 scrolls of vulnerability {!r!r}
 e - 2 scrolls of fog
 g - a scroll of acquirement
 j - 2 scrolls of immolation {!r!r}
 o - 2 scrolls of revelation
 t - 10 scrolls of teleportation {@r4}
Potions
 a - a potion of magic
 d - 6 potions of mutation {!q}
 f - a potion of cancellation {unknown}
 k - 2 potions of berserk rage {!q}
 l - 2 potions of curing {@q1}
 m - 2 potions of might {unknown}
 n - 5 potions of lignification {!q}
 p - 4 potions of attraction {!q}
 q - 5 potions of haste {@q3}
 v - 2 potions of invisibility
 x - a potion of ambrosia {unknown}
 B - a potion of enlightenment {unknown}

Dungeon Overview and Level Annotations

Branches:
Dungeon (12/15)            Temple (1/1) D:6            Lair (5/5) D:10
  Swamp (0/4) Lair:3        Snake (0/4) Lair:2        Slime (0/5) Lair:5
    Orc (2/2) D:12
    Elf: Orc:2

Altars:
Ashenzari
Cheibriados
Dithmenos
Elyvilon
Fedhas
Gozag
Hepliaklqana
Kikubaaqudgha
Makhleb
Nemelex Xobeh
Okawaru
Qazlal
Ru
Sif Muna
Trog
Uskayaw
Vehumet
Wu Jian
Xom
Yredelemnul
Zin
The Shining One
Lugonu

Shops:
D:5 *   D:9 *   Orc:2 :

Portals:
Abyss: Lair:5

Annotations:
D:6 3 runed translucent doors, nms23's ghost, novice DsSh

..........................
.......................#$.
...................$....##
..........)..............#
........................#.
..........................
..........^...≈≈.≈≈.......
........Z....≈≈≈.≈≈≈......
.........@h..≈≈⌠.⌠≈≈......
....$...Z.......∩.........
.........K...≈≈⌠.⌠≈≈......
.............≈≈≈.≈≈≈.....Z
.......#K.....≈≈.≈≈..).o..
.....#.......$.......oZ..
..... ...............8oZ.
... ...............O<.g.
...........


You could see 2 kobold blastminers, a friendly spectral orc, a friendly ogre
zombie and a friendly inugami (summoned).


Message History

Unknown command.
You scratch the orc. You bite the orc. The orc hits you but does no damage.
The orc warrior hits your lightning spire but does no damage.
Your inugami completely misses the orc warrior.
You scratch the orc.
You kill the orc!
Kikubaaqudgha accepts your kill.
The dead are walking!
A glowing mist starts to gather...
The orc warrior hits your lightning spire with a +0 short sword!
Your inugami hits the orc warrior but does no damage.
Unknown command.
Your lightning spire cannot move out of your way!
Unknown command.
Your lightning spire cannot move out of your way!
The orc warrior hits your lightning spire with a +0 short sword.
Your inugami hits the orc warrior.
You swap places.
The orc warrior hits your lightning spire with a +0 short sword.
Your lightning spire shoots out a bolt of lightning at the orc warrior!
The bolt of electricity hits the orc warrior!!
The orc warrior dies!
Kikubaaqudgha accepts your kill.
The dead are walking!
A glowing mist starts to gather...
Your lightning spire disappears in a puff of smoke!
An ogre comes into view. It is wielding a +0 giant club.
The ogre completely misses you.
Unknown command.
You scratch the ogre. You bite the ogre. The ogre completely misses you.
You barely miss the ogre.
Your spectral orc hits the ogre but does no damage.
You scratch the ogre. You claw the ogre.
The ogre hits you with a +0 giant club!
Your orc warrior zombie barely misses the ogre.
Your spectral orc completely misses the ogre.
Your magical contamination has completely faded away.
You barely miss the ogre. You bite the ogre.
A bolt appears from out of your range of vision.
The bolt hits your spectral orc warrior!
The ogre completely misses you.
Your orc warrior zombie hits the ogre.
Your spectral orc hits the ogre but does no damage.
Your inugami hits the ogre. You scratch the ogre.
Your spectral orc warrior barely misses the ogre.
Your spectral orc hits the ogre but does no damage.
Your orc warrior zombie hits the ogre but does no damage.
Your inugami hits the ogre!
The ogre dies!
Kikubaaqudgha accepts your kill.
The dead are walking!
A glowing mist starts to gather...
A bolt appears from out of your range of vision.
The bolt closely misses your spectral orc warrior.
You see here a +0 giant club.
A bolt appears from out of your range of vision.
The bolt hits your spectral ogre!
A bolt appears from out of your range of vision.
The bolt hits your spectral ogre!
A bolt appears from out of your range of vision.
The bolt hits your spectral orc warrior!
A bolt appears from out of your range of vision.
The bolt hits your spectral orc warrior!
Your spectral orc warrior is destroyed!
A bolt appears from out of your range of vision.
The bolt hits your spectral ogre!
The kobold blastminer shoots a bolt.
The bolt hits your spectral ogre!
Your spectral ogre is destroyed!
The kobold blastminer shoots a bolt.
The bolt barely misses you.
The kobold blastminer shoots a bolt.
The bolt closely misses you.
The kobold blastminer shoots a bolt.
The bolt barely misses you. The bolt hits your orc warrior zombie!!
The kobold blastminer blasts its cannon at you.
The iron shot misses you.
The kobold blastminer is knocked back by the blast.
Unknown command.
The kobold blastminer is haunted by guilt! x2
The kobold blastminer shoots a bolt.
The bolt misses you. The bolt hits your orc warrior zombie!!
Your orc warrior zombie is destroyed!
The kobold blastminer is wracked by anguish!
The kobold blastminer shoots a bolt.
The bolt hits you but does no damage.
The kobold blastminer blasts its cannon at you.
The iron shot hits you!!
The kobold blastminer is knocked back by the blast.
The kobold blastminer is wracked by anguish!!
The kobold blastminer shoots a bolt.
The bolt hits you!
* * * LOW HITPOINT WARNING * * *
The kobold blastminer is wracked by anguish!
You swap places.
The kobold blastminer shoots a bolt.
The bolt completely misses you.
You swap places.
The kobold blastminer shoots a bolt.
The bolt closely misses you.
The kobold blastminer shoots a bolt.
The bolt hits your orc zombie!!
Your orc zombie is destroyed!
The kobold blastminer is wracked by anguish!
You swap places.
The kobold blastminer shoots a bolt.
The bolt hits you!
* * * LOW HITPOINT WARNING * * *
The kobold blastminer is wracked by anguish!
The kobold blastminer blasts its cannon at you.
The iron shot hits you!!!
You die...
Kikubaaqudgha rasps: "You have failed me!
Welcome... death!"

Skill      XL: |  1  2  3  4  5  6  7  8  9 10 11 12 13 14 |
---------------+-------------------------------------------+-----
Spellcasting   | 3 4 5 6 7 8 9 10 11 | 11.8
Summonings     | 5 6 7 8 9 10 11 | 11.0
Fire Magic     | 1 2 3 4 5 |  5.0
Stealth        | 3 5 7 8 10 | 10.0
Dodging        | 3 5 6 8 9 10 | 10.0
Fighting       | 1 3 4 5 7 8 10 | 10.0
Air Magic      | 1 2 3 4 5 |  5.0
Necromancy     | 1 3 5 7 9 11 | 11.1
Hexes          | 5 8 |  8.0

Action                     |  1- 3 |  4- 6 |  7- 9 | 10-12 | 13-15 || total
---------------------------+-------+-------+-------+-------+-------++-------
  Melee: Unarmed           |    33 |    55 |    40 |    68 |   155 ||   351
         Bite              |     2 |     9 |     4 |    10 |    31 ||    56
         Punch             |       |       |       |     2 |     6 ||     8
   Cast: Summon Small Mamm |    59 |    22 |    16 |    14 |     8 ||   119
         Call Canine Famil |     7 |    22 |    19 |    39 |    25 ||   112
         Summon Blazeheart |       |     3 |    17 |    33 |    13 ||    66
         Summon Lightning  |       |       |    32 |    96 |    60 ||   188
         Animate Dead      |       |       |       |     3 |     9 ||    12
         Anguish           |       |       |       |    14 |    75 ||    89
         Death Channel     |       |       |       |       |     3 ||     3
  Evoke: Wand              |       |       |     5 |    10 |     4 ||    19
    Use: Potion            |       |     1 |       |     7 |     6 ||    14
         Scroll            |       |       |     7 |    14 |     4 ||    25
   Stab: Sleeping          |     3 |     2 |       |     1 |     2 ||     8
         Distracted        |       |     2 |     2 |     4 |     8 ||    16
 Armour: Skin              |    15 |    28 |    30 |    64 |    98 ||   235
  Dodge: Dodged            |    63 |    82 |    82 |   185 |   286 ||   698

Levels and vault maps discovered:
D:1:      minmay_arrival_loop, layout_basic
D:2:      layout_basic
D:3:      layout_basic, nicolae_dithmenos_the_darkroom, serial_corexii_hall,
          corexii_hall_statues_i, corexii_hall_statues_x,
          kennysheep_generic_room_15
D:4:      layout_cave_pods, st_stairs_9
D:5:      layout_loops_cross, serial_shops, shop
D:6:      layout_basic, zin_treasury, nicolae_overflow_hallway_of_the_gods,
          minmay_temple_entry_wispy, ebering_ghost_rock_garden, serial_curves,
          eino_curves_04, eino_curves_03, eino_curves_04
D:7:      layout_cave_pools, tso_oasis_becter, minmay_manual_mares
D:8:      layout_basic, hangedman_decor_lopped
D:9:      layout_basic, nicolae_shop_gadgets
D:10:     layout_basic, dpeg_oklobed_lair, kennysheep_decorative_pillar,
          interstate_on_off, kennysheep_another_room, mrwooster_statue_mirror,
          solitary_fountain
D:11:     layout_gridville, uniq_sonja
D:12:     layout_irregular_city, erik_orc_4, lemuel_flame_loot_1, uniq_lodul,
          uniq_azrael, uniq_psyche
Temple:   hellmonk_temple_two_chambers
Lair:1:   layout_layer_cave, basic_altar
Lair:2:   layout_loops_ring, minmay_snake_entry_guardpost_small,
          chequers_serial_rivers_room_b, infiniplex_staircase_pool, uniq_fannar
Lair:3:   layout_chaotic_city, swamp_mist, grunt_megastairs_1
Lair:4:   layout_small_grid
Lair:5:   hellmonk_lair_end_abyssal_woods, layout_misc_corridors,
          nicolae_slime_entry_slimehenge, st_stairs_8
Orc:1:    layout_diamond_mine, uniq_snorg
Orc:2:    st_orc_pillars, layout_caves, serial_shops, shop,
          nicolae_shop_self_help, uniq_josephine, uniq_jorgrun, uniq_donald

Notes
Turn   | Place    | Note
-------+----------+-------------------------------------------
     0 | D:1      | PAMOHbI411 the Felid Summoner began the quest for the Orb.
     0 | D:1      | Reached XP level 1. HP: 9/9 MP: 4/4
   320 | D:1      | Reached XP level 2. HP: 13/13 MP: 3/6
   518 | D:1      | You pick up a book of Weapons and begin reading...
   518 | D:1      | You add the spells Tukima's Dance and Iskenderun's Mystic
                  | Blast to your library.
  1264 | D:2      | Reached XP level 3. HP: 10/16 MP: 6/8
  1306 | D:2      | Learned a level 3 spell: Call Canine Familiar
  2026 | D:3      | Reached skill level 3 in Spellcasting
  2088 | D:3      | Found a shadowy altar of Dithmenos.
  2419 | D:3      | Reached XP level 4. HP: 21/21 MP: 7/9
  2419 | D:3      | Gained a life (2 lives remaining)
  3059 | D:3      | Reached skill level 5 in Summonings
  3185 | D:3      | Learned a level 4 spell: Summon Blazeheart Golem
  3282 | D:4      | You pick up a book of the Hunter and begin reading...
  3983 | D:4      | Reached skill level 1 in Fire Magic
  3983 | D:4      | Reached XP level 5. HP: 15/24 MP: 5/11
  4177 | D:5      | Entered Level 5 of the Dungeon
  4190 | D:5      | Slain by a sleepcap
  4190 | D:5      | Lost a life (1 life remaining)
  4495 | D:5      | Reached skill level 4 in Spellcasting
  4503 | D:5      | You fall into a shaft and drop 3 floors!
  4607 | D:7      | HP: 6/24 [ufetubus (5)]
  4607 | D:7      | Slain by a kobold
  4607 | D:7      | Lost a life (0 lives remaining)
  4697 | D:6      | Reached skill level 2 in Fire Magic
  4697 | D:6      | Gained mutation: You are covered in thick fur. (AC +2)
                  | [Felid growth]
  4697 | D:6      | Reached XP level 6. HP: 28/28 MP: 7/13
  4799 | D:6      | Found a sparkling altar of Nemelex Xobeh.
  4808 | D:6      | Found a bloodstained altar of Trog.
  4809 | D:6      | Found a hazy altar of Hepliaklqana.
  4811 | D:6      | Found a blossoming altar of Fedhas.
  4811 | D:6      | Found a shimmering altar of Xom.
  4812 | D:6      | Found a broken altar of Ashenzari.
  4819 | D:6      | Found a snail-covered altar of Cheibriados.
  4908 | D:6      | Found a runed translucent gate.
  5052 | D:5      | Found Neoxtod's Assorted Antiques.
  5058 | D:5      | Bought a scroll labelled JELLAC WOHUOSS for 21 gold pieces
  5058 | D:5      | Bought a scroll labelled JELLAC WOHUOSS for 21 gold pieces
  5058 | D:5      | Bought a scroll labelled ROUGUA CUAPN for 21 gold pieces
  5058 | D:5      | Bought a fizzy black potion for 18 gold pieces
  5058 | D:5      | Bought a fizzy black potion for 18 gold pieces
  5058 | D:5      | Bought a fizzy black potion for 18 gold pieces
  5058 | D:5      | Bought a fizzy brown potion for 18 gold pieces
  5302 | D:5      | Reached skill level 6 in Summonings
  5559 | D:5      | Reached XP level 7. HP: 32/32 MP: 11/15
  5559 | D:5      | Gained a life (1 life remaining)
  5661 | D:5      | Learned a level 4 spell: Summon Lightning Spire
  5708 | D:6      | Reached skill level 3 in Fire Magic
  5793 | D:6      | Reached skill level 3 in Stealth
  5795 | D:6      | Reached skill level 3 in Dodging
  5886 | D:6      | Found a staircase to the Ecumenical Temple.
  5894 | Temple   | Entered the Ecumenical Temple
  5900 | Temple   | Became a worshipper of Kikubaaqudgha
  5934 | D:6      | Found a glowing silver altar of Zin.
  5994 | D:6      | Found a runed translucent gate.
  5995 | D:6      | Found a runed translucent gate.
  5996 | D:6      | Noticed nms23's ghost (novice DsSh)
  6091 | D:6      | Reached skill level 1 in Fighting
  6584 | D:7      | Reached skill level 1 in Air Magic
  6588 | D:7      | Reached skill level 5 in Spellcasting
  6648 | D:7      | Reached XP level 8. HP: 38/38 MP: 2/16
  6650 | D:7      | Reached skill level 4 in Stealth
  6802 | D:7      | Reached skill level 2 in Fighting
  6802 | D:7      | Reached skill level 4 in Dodging
  6914 | D:7      | Reached skill level 2 in Air Magic
  6934 | D:7      | Reached skill level 4 in Fire Magic
  6978 | D:7      | Reached skill level 5 in Stealth
  7123 | D:7      | Reached skill level 3 in Fighting
  7123 | D:7      | Reached skill level 5 in Dodging
  7289 | D:7      | Found a glowing golden altar of the Shining One.
  7295 | D:7      | Reached skill level 7 in Summonings
  7329 | D:7      | You pick up a book of Burglary and begin reading...
  7329 | D:7      | You add the spells Ensorcelled Hibernation, Swiftness and
                  | Passwall to your library.
  7412 | D:8      | Reached XP level 9. HP: 37/44 MP: 8/18
  7774 | D:8      | Reached skill level 3 in Air Magic
  8023 | D:8      | Reached skill level 6 in Stealth
  8095 | D:8      | HP: 6/45 [gnoll sergeant/+0 spear (9)]
  8096 | D:8      | Reached * piety under Kikubaaqudgha
  8096 | D:8      | You add the spells Cigotuvi's Dreadful Rot, Sublimation of
                  | Blood, Vampiric Draining and Animate Dead to your library.
  8096 | D:8      | Received a gift from Kikubaaqudgha
  8318 | D:8      | Reached skill level 6 in Spellcasting
  8476 | D:8      | Learned a level 4 spell: Animate Dead
  8590 | D:9      | Reached skill level 6 in Dodging
  8687 | D:9      | Reached skill level 4 in Fighting
  8796 | D:9      | Reached skill level 1 in Necromancy
  8796 | D:9      | HP: 9/45 [poisoned by a hornet]
  8801 | D:9      | HP: 6/45 [poisoned by a hornet]
  9264 | D:9      | Found Ovekk's Gadget Gallery.
  9270 | D:9      | Reached skill level 5 in Fire Magic
  9352 | D:9      | Identified the ring "Bolejucw" {Fire Slay+6}
  9492 | D:10     | Entered Level 10 of the Dungeon
  9557 | D:10     | Found a staircase to the Lair.
  9592 | D:10     | Reached skill level 7 in Stealth
  9594 | D:10     | Reached XP level 10. HP: 51/51 MP: 12/20
  9594 | D:10     | Gained a life (2 lives remaining)
  9599 | D:10     | Reached skill level 2 in Necromancy
  9606 | D:10     | Reached skill level 4 in Air Magic
  9867 | D:10     | Reached skill level 7 in Dodging
  9894 | D:10     | Reached skill level 5 in Fighting
 10050 | D:10     | Reached skill level 8 in Summonings
 10324 | D:10     | Reached skill level 3 in Necromancy
 10426 | D:10     | HP: 12/51 [spore (30)]
 10427 | D:10     | Reached skill level 8 in Stealth
 10599 | D:10     | You pick up a book of Transmutation and begin reading...
 10599 | D:10     | You add the spells Petrify and Irradiate to your library.
 11031 | D:11     | Noticed a deep elf pyromancer
 11040 | D:11     | Killed a deep elf pyromancer
 11080 | D:11     | Noticed Sonja
 11086 | D:11     | Killed Sonja
 11087 | D:11     | Reached skill level 7 in Spellcasting
 11118 | D:11     | Noticed a two-headed ogre
 11132 | D:11     | Killed a two-headed ogre
 11133 | D:11     | Reached skill level 8 in Dodging
 11265 | D:11     | Reached XP level 11. HP: 56/56 MP: 12/22
 11265 | D:11     | Reached ** piety under Kikubaaqudgha
 11266 | D:11     | Reached skill level 5 in Air Magic
 11389 | D:11     | Reached skill level 4 in Necromancy
 11474 | D:11     | Reached skill level 9 in Stealth
 11677 | D:11     | Reached skill level 6 in Fighting
 12213 | D:12     | Noticed a boulder beetle
 12352 | D:12     | Killed a boulder beetle
 12615 | D:12     | Found a staircase to the Orcish Mines.
 12801 | D:12     | Reached skill level 9 in Dodging
 13058 | D:12     | Noticed a boulder beetle
 13072 | D:12     | Killed a boulder beetle
 13075 | D:12     | Reached skill level 9 in Summonings
 13075 | D:12     | Reached skill level 5 in Necromancy
 13233 | D:12     | HP: 14/58 [meliai/+0 hand axe (9)]
 13233 | D:12     | HP: 3/58 [meliai/+0 hand axe (11)]
 13234 | D:12     | Slain by a meliai
 13234 | D:12     | Lost a life (1 life remaining)
 13312 | D:12     | Noticed a boulder beetle
 13326 | D:12     | Killed a boulder beetle
 13327 | D:12     | Reached skill level 10 in Stealth
 13375 | D:12     | HP: 13/58 [meliai/divine providence (16)]
 13375 | D:12     | Killed by an exploding blazeheart core
 13375 | D:12     | Lost a life (0 lives remaining)
 13376 | D:12     | Reached skill level 7 in Fighting
 13376 | D:12     | Reached skill level 8 in Spellcasting
 13548 | D:12     | Noticed Azrael
 13564 | D:12     | Reached *** piety under Kikubaaqudgha
 13564 | D:12     | You add the spells Anguish, Martyr's Knell, Curse of Agony
                  | and Death Channel to your library.
 13564 | D:12     | Received a gift from Kikubaaqudgha
 13565 | D:12     | Gained mutation: Your thick and shaggy fur keeps you warm.
                  | (AC +3, rC+) [Felid growth]
 13565 | D:12     | Reached XP level 12. HP: 47/63 MP: 8/25
 13568 | D:12     | HP: 5/63 [Azrael/damnation (33)]
 13772 | D:12     | Noticed Psyche
 13787 | D:12     | Killed Psyche
 13788 | D:12     | Reached skill level 10 in Dodging
 14026 | D:12     | Noticed Lodul
 14036 | D:12     | Killed Lodul
 14037 | D:12     | Reached skill level 6 in Necromancy
 14834 | D:12     | Found a staircase to the Orcish Mines.
 14845 | D:12     | Killed Azrael
 15365 | D:12     | Noticed a boulder beetle
 15387 | D:12     | Killed a boulder beetle
 15465 | D:12     | Identified a scroll of acquirement
 15542 | D:10     | Learned a level 4 spell: Anguish
 15550 | D:10     | Learned a level 6 spell: Death Channel
 15572 | Lair:1   | Entered Level 1 of the Lair of Beasts
 15593 | Lair:1   | Reached skill level 1 in Hexes
 15699 | Lair:1   | Reached skill level 8 in Fighting
 15984 | Lair:1   | Reached skill level 10 in Summonings
 16071 | Lair:1   | Found a white marble altar of Elyvilon.
 16231 | Lair:1   | Reached skill level 2 in Hexes
 16593 | Lair:1   | You add the spells Passage of Golubria and Yara's Violent
                  | Unravelling to your library.
 17068 | Lair:2   | Reached skill level 3 in Hexes
 17234 | Lair:2   | Reached skill level 7 in Necromancy
 17246 | Lair:2   | Reached skill level 9 in Spellcasting
 17470 | Lair:2   | Reached skill level 4 in Hexes
 17581 | Lair:2   | Found a staircase to the Snake Pit.
 17584 | Lair:2   | You pick up a book of Armaments and begin reading...
 17584 | Lair:2   | You add the spells Stone Arrow and Lehudib's Crystal Spear
                  | to your library.
 17654 | Lair:2   | You fall into a shaft and drop 1 floor!
 17929 | Lair:3   | Reached skill level 5 in Hexes
 18495 | Lair:3   | Reached XP level 13. HP: 70/70 MP: 19/27
 18495 | Lair:3   | Gained a life (1 life remaining)
 18621 | Lair:3   | Reached **** piety under Kikubaaqudgha
 18784 | Lair:3   | Found a staircase to the Swamp.
 19442 | Lair:4   | Reached skill level 9 in Fighting
 19679 | Lair:4   | Reached skill level 6 in Hexes
 19952 | Lair:4   | Reached skill level 8 in Necromancy
 20325 | Lair:5   | Entered Level 5 of the Lair of Beasts
 20473 | Lair:5   | Reached skill level 7 in Hexes
 20473 | Lair:5   | Reached skill level 11 in Summonings
 20658 | Lair:5   | You pick up a book of Geomancy and begin reading...
 20658 | Lair:5   | You add the spells Sandblast and Brom's Barrelling Boulder
                  | to your library.
 20890 | Lair:5   | Reached skill level 10 in Spellcasting
 20901 | Lair:5   | HP: 16/71 [catoblepas (6)]
 20909 | Lair:5   | Reached skill level 8 in Hexes
 20909 | Lair:5   | Found a corrupted altar of Lugonu.
 20909 | Lair:5   | Found a one-way gate to the infinite horrors of the Abyss.
 20910 | Lair:5   | HP: 15/71 [thrashing horror (9)]
 20911 | Lair:5   | HP: 7/71 [raiju (9)]
 20912 | Lair:5   | Mangled by a thrashing horror
 20912 | Lair:5   | Lost a life (0 lives remaining)
 20913 | Lair:5   | Found a staircase to the Slime Pits.
 21232 | Lair:5   | Reached ***** piety under Kikubaaqudgha
 21233 | Lair:5   | Reached skill level 10 in Fighting
 21348 | Lair:5   | Reached skill level 9 in Necromancy
 21829 | Lair:5   | Reached XP level 14. HP: 77/77 MP: 11/29
 21964 | Lair:5   | Reached skill level 11 in Spellcasting
 21964 | Lair:5   | Reached skill level 10 in Necromancy
 23462 | Orc:1    | Entered Level 1 of the Orcish Mines
 24068 | Orc:1    | Noticed Snorg
 24075 | Orc:1    | Killed Snorg
 24355 | Orc:2    | Entered Level 2 of the Orcish Mines
 24355 | Orc:2    | Found Raibick's Self-Improvement Boutique.
 24361 | Orc:2    | Noticed Jorgrun
 24515 | Orc:2    | Killed Jorgrun
 24516 | Orc:2    | Reached skill level 11 in Necromancy
 24668 | Orc:2    | Killed from afar by a kobold blastminer

Vanquished Creatures
  2 boulder beetles (D:12)
  A skyshark (Lair:4)
  An ugly thing (Lair:5)
  3 meliai (D:12)
  2 cyclopes
  2 elephants (Lair:5)
  3 cane toads
  A torpor snail (Lair:5)
  An unseen horror (D:10)
  A rime drake (Lair:4)
  3 komodo dragons
  A polar bear (Lair:3)
  6 blink frogs (Lair:5)
  3 slime creatures (D:12)
  A vampire (D:12)
  8 yaks
  2 wargs (D:11)
  3 water moccasins
  An ogre (D:12)
  An elephant zombie (Lair:5)
  A sky beast (D:7)
  A centaur (D:10)
  3 wolves
  2 bullfrogs (Lair:2)
  2 wights (D:8)
  2 orc wizards
  5 gnolls
  An adder (D:4)
  An ufetubus (D:7)
  2 orcs
  3 endoplasms
  2 jackals
  A kobold (D:2)
  3 ball pythons
  2 bats
  3 rats
80 creatures vanquished.

Vanquished Creatures (collateral kills)
  Jorgrun (Orc:2)
  Azrael (D:12)
  Snorg (Orc:1)
  2 boulder beetles (D:12)
  A catoblepas (Lair:5)
  A two-headed ogre (D:11)
  A thrashing horror (Lair:5)
  Sonja (D:11)
  2 skysharks
  Lodul (D:12)
  A large abomination (Lair:5)
  A lindwurm (Lair:3)
  A harpy (shapeshifter) (Lair:5)
  An orc sorcerer (Orc:1)
  A deep elf pyromancer (D:11)
  2 cyclopes
  An ugly thing (Lair:5)
  7 elephants
  3 black mambas (Lair:5)
  A torpor snail (Lair:5)
  2 rime drakes
  3 cane toads
  6 komodo dragons
  Psyche (D:12)
  2 hornets
  2 trolls
  10 blink frogs
  2 raiju (Lair:5)
  6 dream sheep (Lair:5)
  A slime creature (D:12)
  A spriggan (Lair:5)
  12 small abominations (Lair:5)
  3 fire elementals (D:12)
  3 basilisks
  2 wraiths
  A human (D:12)
  A steam dragon (D:9)
  22 yaks
  A warg (Orc:1)
  2 vampire mosquitoes (D:12)
  A chaos spawn (Lair:5)
  3 nagas (Lair:2)
  An acid dragon (D:10)
  14 water moccasins
  3 hell hounds (D:12)
  3 sky beasts
  An ice beast (D:8)
  5 orc warriors
  2 black bears
  8 ogres
  6 centaurs
  3 wolves
  3 phantoms
  5 kobold brigands
  8 bullfrogs
  3 gnoll sergeants
  2 scorpions
  6 wights
  2 howler monkeys (D:9)
  A bombardier beetle (D:4)
  2 gnoll boudas
  9 hounds
  6 orc priests
  5 jellies
  2 iguanas
  A sleepcap (D:5)
  17 orc wizards
  2 adders
  15 gnolls
  3 shadow imps
  A white imp (D:8)
  3 ufetubi
  3 dart slugs
  2 ribbon worms
  41 orcs
  2 ball pythons
  12 endoplasms
  A giant cockroach (D:1)
  7 goblins
  7 hobgoblins
  7 jackals
  26 kobolds
  5 bats
  3 frilled lizards
  2 orc zombies
  6 rats
384 creatures vanquished.

Vanquished Creatures (others)
  2 hydras (Lair:5)
  2 thrashing horrors (Lair:5)
  2 skysharks
  A harpy (shapeshifter) (Lair:5)
  2 elephants
  A black mamba (Lair:4)
  A black mamba (shapeshifter) (Lair:5)
  A komodo dragon (Lair:3)
  A troll (Orc:1)
  5 blink frogs
  A raiju (Lair:5)
  3 black mamba zombies (Lair:5)
  A ynoxinul (Lair:5)
  A slime creature zombie (D:12)
  A warg (Orc:1)
  3 yaks
  2 basilisks
  A redback (shapeshifter) (Lair:5)
  A naga (Lair:2)
  A cane toad zombie (Lair:4)
  4 orc warriors
  A lindwurm zombie (Lair:3)
  4 elephant zombies (Lair:5)
  4 blink frog zombies (Lair:5)
  A wolf (Lair:3)
  A bullfrog (Lair:3)
  2 water moccasin zombies
  6 yak zombies
  2 wolf zombies (Lair:3)
  An ogre zombie (Orc:1)
  A jelly zombie (Lair:5)
  2 orcs (Orc:1)
  13 orc zombies
  31 blazeheart cores
106 creatures vanquished.

Grand Total: 570 creatures vanquished

Table legend:
 A = Non-vault XP
 B = Vault XP
 C = Vault XP percentage of total XP
 D = Non-vault monster count
 E = Vault monster count
 F = Vault count percentage of total count
                 A         B        C        D         E       F
            +---------+---------+-------+---------+---------+-------
      Total |   57593 |   22602 |  28.2 |     401 |      96 |  19.3
            +---------+---------+-------+---------+---------+-------
        D:1 |      29 |       0 |   0.0 |      18 |       0 |   0.0
        D:2 |      35 |       0 |   0.0 |      19 |       0 |   0.0
        D:3 |      54 |       4 |   6.9 |      20 |       2 |   9.1
        D:4 |      93 |      20 |  17.7 |      18 |       3 |  14.3
        D:5 |     478 |       0 |   0.0 |      11 |       0 |   0.0
        D:6 |     406 |       0 |   0.0 |      16 |       0 |   0.0
        D:7 |    1446 |     211 |  12.7 |      26 |       2 |   7.1
        D:8 |    1213 |       0 |   0.0 |      28 |       0 |   0.0
        D:9 |    1059 |       0 |   0.0 |      20 |       0 |   0.0
       D:10 |    3403 |       0 |   0.0 |      25 |       0 |   0.0
       D:11 |    4033 |    1153 |  22.2 |      22 |       3 |  12.0
       D:12 |    8948 |    4272 |  32.3 |      21 |      28 |  57.1
     Lair:1 |    3563 |       0 |   0.0 |      16 |       0 |   0.0
     Lair:2 |    2641 |     630 |  19.3 |      13 |       4 |  23.5
     Lair:3 |    4169 |    1122 |  21.2 |      17 |       4 |  19.0
     Lair:4 |    6891 |       0 |   0.0 |      21 |       0 |   0.0
     Lair:5 |   16054 |   12367 |  43.5 |      46 |      48 |  51.1
      Orc:1 |    2656 |     928 |  25.9 |      37 |       1 |   2.6
      Orc:2 |     422 |    1895 |  81.8 |       7 |       1 |  12.5
            +---------+---------+-------+---------+---------+-------

Skill      XL: |  1  2  3  4  5  6  7  8  9 10 11 12 13 14 |
---------------+-------------------------------------------+-----
Spellcasting   | 3 4 5 6 7 8 9 10 11 | 11.8
Summonings     | 5 6 7 8 9 10 11 | 11.0
Fire Magic     | 1 2 3 4 5 |  5.0
Stealth        | 3 5 7 8 10 | 10.0
Dodging        | 3 5 6 8 9 10 | 10.0
Fighting       | 1 3 4 5 7 8 10 | 10.0
Air Magic      | 1 2 3 4 5 |  5.0
Necromancy     | 1 3 5 7 9 11 | 11.1
Hexes          | 5 8 |  8.0

Action                     |  1- 3 |  4- 6 |  7- 9 | 10-12 | 13-15 || total
---------------------------+-------+-------+-------+-------+-------++-------
  Melee: Unarmed           |    33 |    55 |    40 |    68 |   155 ||   351
         Bite              |     2 |     9 |     4 |    10 |    31 ||    56
         Punch             |       |       |       |     2 |     6 ||     8
   Cast: Summon Small Mamm |    59 |    22 |    16 |    14 |     8 ||   119
         Call Canine Famil |     7 |    22 |    19 |    39 |    25 ||   112
         Summon Blazeheart |       |     3 |    17 |    33 |    13 ||    66
         Summon Lightning  |       |       |    32 |    96 |    60 ||   188
         Animate Dead      |       |       |       |     3 |     9 ||    12
         Anguish           |       |       |       |    14 |    75 ||    89
         Death Channel     |       |       |       |       |     3 ||     3
  Evoke: Wand              |       |       |     5 |    10 |     4 ||    19
    Use: Potion            |       |     1 |       |     7 |     6 ||    14
         Scroll            |       |       |     7 |    14 |     4 ||    25
   Stab: Sleeping          |     3 |     2 |       |     1 |     2 ||     8
         Distracted        |       |     2 |     2 |     4 |     8 ||    16
 Armour: Skin              |    15 |    28 |    30 |    64 |    98 ||   235
  Dodge: Dodged            |    63 |    82 |    82 |   185 |   286 ||   698

Illustrated notes

Table legend:
 A = Kills in this place as a percentage of kills in the entire game.
 B = Kills by you in this place as a percentage of kills by you in the entire game.
 C = Kills by friends in this place as a percentage of kills by friends in the entire game.
 D = Other kills in this place as a percentage of other kills in the entire game.
 E = Experience gained in this place as a percentage of experience gained in the entire game.
 F = Experience gained in this place divided by the number of levels of this place that you have seen.
                   A       B       C       D       E      F
               +-------+-------+-------+-------+-------+----------------------
         Total | 100.0 | 100.0 | 100.0 | 100.0 | 100.0 | 4009.8
       Dungeon |  56.7 |  60.8 |  61.3 |   0.0 |  33.5 | 2238.1
          Lair |  34.0 |  36.7 |  29.3 |  77.8 |  59.2 | 9487.4
  Orcish Mines |   9.3 |   2.5 |   9.4 |  22.2 |   7.4 | 2950.5
               +-------+-------+-------+-------+-------+----------------------

Table legend: (Time is in decaauts)
 A = Elapsed time spent in this place.
 B = Non-inter-level travel time spent in this place.
 C = Inter-level travel time spent in this place.
 D = Time resting spent in this place.
 E = Time spent auto-exploring this place.
 F = Levels seen in this place.
 G = Mean time per level.
                   A        B        C        D        E       F      G
               +--------+--------+--------+--------+--------+-----+--------+
         Total |  24664 |  23623 |   1041 |   4838 |  15136 |  20 | 1233.2 |
       Dungeon |  15625 |  14984 |    641 |   3607 |   9105 |  12 | 1302.1 |
        Temple |     12 |      1 |     11 |      0 |      0 |   1 |   12.0 |
          Lair |   7818 |   7479 |    339 |    938 |   5348 |   5 | 1563.6 |
  Orcish Mines |   1207 |   1159 |     48 |    292 |    683 |   2 |  603.5 |
               +--------+--------+--------+--------+--------+-----+--------+

Top non-repeatable levels by time:
    D:12: 3284 daAuts
  Lair:5: 2848 daAuts
  Lair:1: 1533 daAuts
  Lair:4: 1488 daAuts
    D:10: 1423 daAuts
    D:11: 1331 daAuts
  Lair:3: 1305 daAuts
     D:3: 1287 daAuts
     D:8: 1233 daAuts
     D:6: 1191 daAuts
   Orc:1: 1094 daAuts
     D:5: 1063 daAuts
     D:9: 1055 daAuts
     D:1: 1035 daAuts
     D:4: 951 daAuts
